 Dungeon Crawl Stone Soup version 0.25.1-2-g60ff931df9 (webtiles) character file.

Game seed: 13481064148373079958

14 raphialitos the Magician (level 2, 0/15 HPs)
             Began as a Deep Elf Air Elementalist on Oct 14, 2020.
             Slain by a worm (5 damage)
             ... on level 2 of the Dungeon.
             The game lasted 00:02:34 (1324 turns).

raphialitos the Magician (DEAE)                     Turns: 1324, Time: 00:02:35

Health: 0/15       AC:  3    Str:  5    XL:     2   Next: 31%
Magic:  3/8        EV: 12    Int: 19    God:
Gold:   91         SH:  0    Dex: 15    Spells: 5/8 levels left

rFire    . . .     SeeInvis .   (no weapon)
rCold    . . .     Gourm    .   (no shield)
rNeg     . . .     Faith    .   h - +0 leather armour (curse)
rPois    .         Spirit   .   (no helmet)
rElec    .         Reflect  .   (no cloak)
rCorr    .         Harm     .   (no gloves)
MR       .....                  (no boots)
Stlth    ++........             (no amulet)
HPRegen  0.05/turn              (no ring)
MPRegen  0.11/turn              (no ring)

@: very slightly contaminated
A: no striking features
a: no special abilities


You were on level 2 of the Dungeon.
You were not hungry.

You visited 1 branch of the dungeon, and saw 3 of its levels.

You collected 91 gold pieces.

Inventory:

Missiles
 m - 28 sling bullets
Armour
 a - a +0 robe
 h - a cursed +0 leather armour (worn)
Jewellery
 d - an uncursed ring of protection from magic {unknown}
Scrolls
 b - 2 scrolls of teleportation
 f - a scroll of enchant weapon
 g - a scroll of fear
 i - a scroll of identify {unknown}
Potions
 e - a potion of lignification {unknown}
 j - a potion of stabbing {unknown}
 k - a potion of flight {unknown}
 l - a potion of brilliance {unknown}
Comestibles
 c - 3 rations


   Skills:
 + Level 2.4 Dodging
 + Level 2.4 Stealth
 + Level 3.5 Spellcasting
 + Level 1.2 Conjurations
 + Level 3.4 Air Magic


You had 5 spell levels left.
You knew the following spells:

 Your Spells              Type           Power        Failure   Level  Hunger
a - Shock                 Conj/Air       ##..         10%         1    None
b - Swiftness             Chrm/Air       #.......     19%         2    ##.....

Your spell library contained the following spells:

 Spells                   Type           Power        Failure   Level  Hunger
 Static Discharge         Conj/Air       ##......     28%         3    ###....
 Airstrike                Air            ###.......   52%         4    ####...
 Lightning Bolt           Conj/Air       ##........   95%         5    ######.


Dungeon Overview and Level Annotations

Branches:
Dungeon (3/15)

Altars:
The Shining One


Message History

The worm is moderately wounded.
The worm bites you!
Ouch! That really hurt!
Casting: Shock (safe; 10% risk of failure)
Confirm with . or Enter, or press ? or * to list all spells.
Aiming: Shock (safe; 10% risk of failure)
Press: ? - help, Shift-Dir - straight line, f/p - worm
Aim: a worm (moderately wounded)
You miscast Shock.
You are very lightly contaminated with residual magic.
Nothing appears to happen.
Casting: Shock (safe; 10% risk of failure)
Confirm with . or Enter, or press ? or * to list all spells.
Aiming: Shock (safe; 10% risk of failure)
Press: ? - help, Shift-Dir - straight line, f/p - worm
Aim: a worm (moderately wounded)
The zap hits the worm.
The worm is moderately wounded.
The worm bites you.
You die...

##################
...)......(....w@#
.###########.#####
.# #......# .#
#......# .#
######..#รท### .#
#<......#.# .#
######.##.# .#
#+##.# .# ...


You could see a worm.

Vanquished Creatures
  A leopard gecko (D:1)
  2 bats
  A giant cockroach (D:1)
  2 goblins (D:1)
  3 hobgoblins (D:1)
  A frilled lizard (D:2)
  2 kobolds
12 creatures vanquished.

Notes
Turn   | Place    | Note
-------+----------+-------------------------------------------
     0 | D:1      | raphialitos the Deep Elf Air Elementalist began the quest
                  | for the Orb.
     0 | D:1      | Reached XP level 1. HP: 10/10 MP: 6/6
   338 | D:1      | Found a glowing golden altar of the Shining One.
   590 | D:1      | Reached XP level 2. HP: 15/15 MP: 6/8
  1099 | D:1      | Learned a level 2 spell: Swiftness
  1324 | D:2      | Slain by a worm

Illustrated notes

Levels and vault maps discovered:
D:1:      sevenhm_arrival_forest_fort_large_2, layout_loops_ring,
          minmay_misc_feat_plants, tso_altar
D:2:      layout_basic, nicolae_gozag_seed_capital, dancing_weapons_uskayaw,
          uniq_terence, uniq_jessica
D:3:      layout_rooms, kennysheep_generic_room_14

Action                   || total
-------------------------++-------
 Cast: Shock             ||    39
  Use: Scroll            ||     4
  Eat: Chunk             ||     1
Armor: Robe              ||     1
Dodge: Dodged            ||     4
